 Dungeon Crawl Stone Soup version 0.23-a0-38-g6d804a8 (webtiles) character file.

29949 mopl the Arsonist (level 13, -3/102 HPs)
             Began as an Ogre Fire Elementalist on Aug 5, 2018.
             Was a High Priest of Vehumet.
             Slain by a wolf (8 damage)
             ... on level 3 of the Lair of Beasts.
             The game lasted 00:54:05 (18754 turns).

mopl the Arsonist (Ogre Fire Elementalist)         Turns: 18754, Time: 00:54:06

Health: -3/102     AC:  5    Str: 11    XL:     13   Next: 48%
Magic:  3/27       EV: 10    Int: 29    God:    Vehumet [*****.]
Gold:   344        SH:  0    Dex:  9    Spells: 7/32 levels left

rFire    + . .     SeeInvis .   a - +7 spear of the Wasp {freeze, +Fly rPois Str-4 Int+6}
rCold    . . .     Gourm    +   (no shield)
rNeg     . . .     Faith    .   O - +2 robe {rF+}
rPois    +         Spirit   .   (helmet restricted)
rElec    .         Reflect  .   (no cloak)
rCorr    .         Harm     .   (gloves unavailable)
MR       +....                  (boots unavailable)
Stlth    +.........             v - amulet of the gourmand
HPRegen  0.27/turn              B - ring of poison resistance
MPRegen  0.20/turn              t - +3 ring of intelligence

@: about to teleport, very slightly contaminated, invisible
A: large, unfitting armour, tough skin 1
a: Renounce Religion, Evoke Flight


You were on level 3 of the Lair of Beasts.
You worshipped Vehumet.
Vehumet was extremely pleased with you.
You were completely stuffed.

You visited 3 branches of the dungeon, and saw 15 of its levels.
You also visited: Bailey.

You collected 948 gold pieces.
You spent 604 gold pieces at shops.

Inventory:

Hand Weapons
 a - the +7 spear of the Wasp (weapon) {freeze, +Fly rPois Str-4 Int+6}
   (You found it on level 9 of the Dungeon)

   It has been specially enchanted to freeze those struck by it, causing extra
   injury to most foes and up to half again as much damage against particularly
   susceptible opponents.
   It can also slow down cold-blooded creatures.
   It affects your strength (-4).
   It affects your intelligence (+6).
   It protects you from poison.
   It lets you fly.
 b - a +3 rapier of electrocution
 S - the +5 spear of Diet Blood {drain, rC+ Stlth+}
   (You found it on level 4 of the Dungeon)

   A truly terrible weapon, it drains the life of those it strikes.
   It protects you from cold.
   It makes you more stealthy.
Missiles
 o - 15 tomahawks (quivered)
 R - 3 throwing nets
Armour
 g - cursed +0 shadow dragon scales
 O - a +2 robe of fire resistance (worn)
Jewellery
 t - a +3 ring of intelligence (right hand)
 v - an amulet of the gourmand (around neck)
 B - a ring of poison resistance (left hand)
Wands
 p - a wand of clouds (3)
 q - a wand of iceblast (4)
 x - a wand of flame (29)
 C - a wand of random effects (30)
 D - a wand of acid (4)
Scrolls
 e - 9 scrolls of remove curse
 i - 3 scrolls of magic mapping {unknown}
 j - 4 scrolls of teleportation
 k - 4 scrolls of amnesia {unknown}
 r - a scroll of random uselessness {unknown}
 y - 2 scrolls of fog {unknown}
 z - a scroll of blinking {unknown}
 A - 2 scrolls of identify
 E - 3 scrolls of summoning
 H - a scroll of acquirement {unknown}
 Q - a scroll of holy word {unknown}
 U - a scroll of immolation
Potions
 d - a potion of haste
 f - 11 potions of curing
 h - 2 potions of brilliance
 n - 3 potions of lignification {!q}
 s - 2 potions of agility
 F - 5 potions of flight
 I - a potion of might
 J - a potion of invisibility
 K - 2 potions of berserk rage {!q}
 L - a potion of cancellation
 V - 2 potions of resistance
Miscellaneous
 l - a fan of gales (inert)
Comestibles
 c - 26 rations
 G - 10 chunks of flesh


   Skills:
 - Level 1.7 Dodging
 - Level 1.4 Stealth
 - Level 10.2 Spellcasting
 * Level 12.6 Conjurations
 + Level 2.8 Hexes
 + Level 2.6 Charms
 + Level 2.7 Necromancy
 + Level 2.8 Translocations
 * Level 12.8 Fire Magic


You had 7 spell levels left.
You knew the following spells:

 Your Spells              Type           Power        Failure   Level  Hunger
a - Flame Tongue          Conj/Fire      #####        0%          1    None
b - Force Lance           Conj/Tloc      ######..     1%          4    None
c - Conjure Flame         Conj/Fire      ######..     1%          3    None
d - Sticky Flame          Conj/Fire      ######..     1%          4    None
e - Blink                 Tloc           N/A          1%          2    None
f - Fireball              Conj/Fire      ######....   1%          5    ###....
h - Inner Flame           Hex/Fire       ######..     1%          3    None
r - Regeneration          Chrm/Necr      ####......   3%          3    None

Your spell library contained the following spells:

 Spells                   Type           Power        Failure   Level  Hunger
 Magic Dart               Conj           ####         0%          1    None
 Slow                     Hex            ####....     1%          2    None
 Confuse                  Hex            ####....     3%          3    None
 Throw Flame              Conj/Fire      ######       1%          2    None
 Mephitic Cloud           Conj/Pois/Air  #####...     1%          3    None
 Iskenderun's Mystic Bla  Conj           ######..     1%          4    None
 Animate Dead             Necr           N/A          12%         4    None
 Pain                     Necr           ####         1%          1    None
 Animate Skeleton         Necr           N/A          1%          1    None
 Vampiric Draining        Necr           ####......   3%          3    None
 Call Imp                 Summ           ##......     5%          2    None
 Sting                    Conj/Pois      ####         1%          1    None
 Spider Form              Tmut/Pois      ##........   11%         3    None
 Confusing Touch          Hex            ####..       1%          1    None
 Sticks to Snakes         Tmut           ##......     5%          2    None
 Metabolic Englaciation   Hex/Ice        ###.......   50%         5    ###....
 Petrify                  Tmut/Erth      ##......     36%         4    None
 Beastly Appendage        Tmut           ##....       3%          1    None
 Fulminant Prism          Conj/Hex       ######....   1%          4    None
 Dazzling Spray           Conj/Hex       ######       1%          3    None
 Searing Ray              Conj           ######       1%          2    None
 Gell's Gravitas          Tloc           ####......   3%          3    None
 Yara's Violent Unravell  Hex/Tmut       ###.......   16%         5    ###....


Dungeon Overview and Level Annotations

Branches:
Dungeon (11/15)            Temple (1/1) D:4            Lair (3/6) D:9
  Snake (0/4) Lair:3          Orc (0/2) D:11
  Swamp: Lair:2-4    Shoals: Lair:2-4

Altars:
Ashenzari
Cheibriados
Dithmenos
Elyvilon
Fedhas
Gozag
Hepliaklqana
Kikubaaqudgha
Makhleb
Nemelex Xobeh
Okawaru
Qazlal
Ru
Sif Muna
Trog
Uskayaw
Vehumet
Wu Jian
Xom
Yredelemnul
Zin
The Shining One

Shops:
D:4 ?   D:8 !   D:9 *

Annotations:
D:9 3 runed doors, conein's ghost, novice FoEE
Lair:2 dig
Lair:3 1 runed door, exclusion: 4 oklob plants, Kufareon's ghost, journeyman OpFi


Innate Abilities, Weirdness & Mutations

You are too large for most types of armour.
You have tough skin. (AC +1)


Message History

Your surroundings suddenly seem different.
The adder bites the plant but does no damage.
Unknown command.
As you read the scroll of teleportation, it crumbles to dust.
You feel strangely unstable.
The wolf howls!
You hear a trumpeting!
You hear an angry hiss.
The adder hisses angrily.
The blink frog croaks.
The adder hisses angrily.
The blink frog croaks.
The spiny frog croaks.
The spiny frog stings the plant.
The blink frog barely misses you. The adder closely misses you.
The blink frog gives a loud, deep croak!
The adder hisses angrily. x2; You hear an angry hiss. x2; The wolf howls!
You hear an angry hiss.
You hear a howl!
The adder hisses angrily.
The adder hisses angrily.
The wolf howls!
The adder hisses angrily.
You hear a howl!
The adder hisses angrily.
The adder bites the plant.
The adder bites the plant but does no damage.
The wolf bites you!
You die...

#.
#.....##⌠##....P####
. #
S.#.S....###..##.h#
#
.....###.....###.##
#
#.l#YS####.#####YS#
# #...#S. ##.#....##
#..#...#####...#.##
................h.#
#.S...h.....S....#
#P.P..h@..S....##.#
##P.PPPP.F..F..# ##
#P.PPPP...F..##


#P.PPPPPPPSSF# #P..PPPP.PPFP# #PP!.PPP.h.PP. #.#P.....h..P### ###PP....[PPP.
P.$(.PPP## You could see an elephant (wandering), a komodo dragon (wandering), a
spiny frog (wandering), 4 blink frogs, 4 wolves and 8 adders.

Vanquished Creatures
  5 hydras
  A two-headed ogre (D:11)
  5 orc knights (Bailey)
  Pikel (D:4)
  An oklob plant (D:11)
  The ghost of B1inky the Ducker, a novice OpGl (D:5)
  An elephant (Lair:3)
  3 black mambas
  The ghost of biddum the Chopper, a novice HOFi of Okawaru (D:5)
  A gargoyle (D:10)
  9 spiny frogs
  The ghost of tilp the Chiller, a novice MfIE (D:5)
  The ghost of Gergoth the Skirmisher, an amateur OgCK of Xom (D:5)
  2 komodo dragons
  A troll (D:10)
  The ghost of Galewind the Magician, a novice DEAE of Vehumet (D:5)
  2 hornets (D:11)
  5 hippogriffs
  Prince Ribbit (D:9)
  A wyvern (Lair:1)
  21 yaks (Lair:2)
  A hungry ghost (D:10)
  A basilisk (D:11)
  4 hogs (D:7)
  A human (D:7)
  A warg (D:11)
  A naga (Lair:3)
  7 water moccasins
  Duvessa (D:4)
  9 porcupines
  7 orc warriors
  2 phantoms
  A necrophage (D:11)
  2 sky beasts
  3 wolves (Lair:3)
  7 centaurs
  3 ogres
  5 crocodiles
  Blork the orc (D:4)
  2 big kobolds
  13 bullfrogs
  A gnoll sergeant (D:10)
  A wyvern zombie (D:6)
  A water moccasin zombie (D:9)
  Dowan (D:4)
  A water moccasin skeleton (D:6)
  6 scorpions
  62 killer bees
  An oklob sapling (D:11)
  3 wights (D:8)
  2 howler monkeys
  6 crimson imps
  2 centaur zombies
  2 jellies
  A quasit (D:7)
  A bullfrog zombie (D:3)
  4 orc priests
  7 hounds
  10 orc wizards
  2 centaur skeletons
  Jessica (D:2)
  2 bullfrog skeletons
  3 iguanas
  6 worker ants
  A killer bee zombie (D:9)
  A hound zombie (D:5)
  9 gnolls
  A howler monkey skeleton (D:8)
  11 adders
  3 oozes (D:4)
  An adder skeleton (D:4)
  An adder zombie (D:7)
  2 worms
  4 dart slugs
  3 leopard geckos
  57 orcs
  9 ball pythons
  14 bats
  3 giant cockroaches
  7 goblins
  5 hobgoblins
  16 jackals
  6 quokkas
  3 frilled lizards
  A giant cockroach zombie (D:5)
  10 kobolds
  11 rats
  2 plants
444 creatures vanquished.

Vanquished Creatures (others)
  A blink frog (Lair:3)
  A killer bee (Lair:2)
  A statue (D:4)
  55 fungi
  37 plants
95 creatures vanquished.

Grand Total: 539 creatures vanquished

Notes
Turn   | Place    | Note
-------+----------+-------------------------------------------
     0 | D:1      | mopl the Ogre Fire Elementalist began the quest for the Orb.
     0 | D:1      | Reached XP level 1. HP: 16/16 MP: 3/3
    14 | D:1      | Reached skill level 1 in Conjurations
    89 | D:1      | Reached XP level 2. HP: 24/24 MP: 0/5
   425 | D:1      | Reached skill level 3 in Fire Magic
   547 | D:1      | Reached skill level 3 in Spellcasting
   680 | D:1      | Reached XP level 3. HP: 31/31 MP: 4/7
   685 | D:1      | Learned a level 3 spell: Conjure Flame
   689 | D:1      | Learned a level 3 spell: Inner Flame
  1191 | D:2      | Found a shattered altar of Ashenzari.
  1265 | D:2      | Reached skill level 2 in Conjurations
  1268 | D:2      | Reached XP level 4. HP: 19/39 MP: 3/9
  1432 | D:2      | Noticed Jessica
  1446 | D:2      | Killed Jessica
  1807 | D:2      | Reached XP level 5. HP: 45/45 MP: 10/10
  1816 | D:2      | Learned a level 4 spell: Sticky Flame
  2140 | D:3      | Noticed an ogre
  2153 | D:3      | Killed an ogre
  2153 | D:3      | Reached skill level 4 in Spellcasting
  2168 | D:3      | Reached skill level 3 in Conjurations
  2168 | D:3      | Reached skill level 4 in Fire Magic
  2168 | D:3      | Reached XP level 6. HP: 29/53 MP: 1/12
  2430 | D:3      | Found a deep blue altar of Sif Muna.
  3018 | D:3      | Found an ancient bone altar of Kikubaaqudgha.
  3021 | D:3      | Found a glowing golden altar of the Shining One.
  3024 | D:3      | Found a deep blue altar of Sif Muna.
  3358 | D:4      | Got a polished spear
  3363 | D:4      | Identified the +5 spear of Diet Blood {drain, rC+ Stlth+} (You found it on level 4 of the Dungeon)
  3405 | D:4      | Found Guthry Gyuri's Magic Scroll Emporium.
  3415 | D:4      | Bought a scroll of fear for 35 gold pieces
  3415 | D:4      | Bought a scroll of identify for 20 gold pieces
  3415 | D:4      | Bought a scroll of noise for 10 gold pieces
  3415 | D:4      | Bought a scroll of teleportation for 30 gold pieces
  3415 | D:4      | Bought a scroll of immolation for 35 gold pieces
  3415 | D:4      | Bought a scroll of remove curse for 30 gold pieces
  3420 | D:4      | Noticed Dowan
  3420 | D:4      | Noticed Duvessa
  3807 | D:4      | Found a staircase to the Ecumenical Temple.
  3829 | Temple   | Entered the Ecumenical Temple
  4047 | D:4      | Found a radiant altar of Vehumet.
  4047 | D:4      | Noticed Pikel
  4047 | D:4      | Noticed a slave
  4047 | D:4      | Noticed a slave
  4047 | D:4      | Noticed a slave
  4071 | D:4      | Reached skill level 5 in Spellcasting
  4071 | D:4      | Reached XP level 7. HP: 30/59 MP: 7/14
  4082 | D:4      | Killed Pikel
  4082 | D:4      | Reached skill level 6 in Spellcasting
  4082 | D:4      | Reached skill level 4 in Conjurations
  4082 | D:4      | Reached skill level 5 in Fire Magic
  4082 | D:4      | Reached XP level 8. HP: 30/67 MP: 3/17
  4205 | D:4      | Became a worshipper of Vehumet
  4370 | D:4      | Killed Dowan
  4372 | D:4      | Killed Duvessa
  4566 | D:4      | Noticed Blork the orc
  4574 | D:4      | Killed Blork the orc
  4574 | D:4      | Reached skill level 5 in Conjurations
  4604 | D:5      | Entered Level 5 of the Dungeon
  4662 | D:5      | Found a runed gate.
  4662 | D:5      | Found a runed gate.
  4662 | D:5      | Found a runed gate.
  4768 | D:5      | Reached skill level 6 in Fire Magic
  4949 | D:5      | Found a sparkling altar of Nemelex Xobeh.
  5157 | D:5      | Learned a level 5 spell: Fireball
  5180 | D:5      | Reached skill level 7 in Spellcasting
  5304 | D:5      | Noticed Galewind's ghost (novice DEAE)
  5305 | D:5      | Noticed B1inky's ghost (novice OpGl)
  5305 | D:5      | Noticed tilp's ghost (novice MfIE)
  5305 | D:5      | Noticed Gergoth's ghost (amateur OgCK)
  5305 | D:5      | Noticed biddum's ghost (novice HOFi)
  5336 | D:5      | Found a snail-covered altar of Cheibriados.
  5540 | D:5      | Reached * piety under Vehumet
  5540 | D:5      | Offered knowledge of Shock by Vehumet.
  5917 | D:6      | Reached XP level 9. HP: 43/74 MP: 11/20
  5928 | D:6      | Reached skill level 6 in Conjurations
  6809 | D:7      | Reached skill level 8 in Spellcasting
  6823 | D:7      | Reached skill level 7 in Fire Magic
  7041 | D:7      | Reached skill level 7 in Conjurations
  7748 | D:7      | Reached skill level 8 in Fire Magic
  7767 | D:7      | Reached XP level 10. HP: 57/81 MP: 15/22
  7930 | D:8      | Found a flagged portal.
  7941 | Bailey   | Entered a bailey
  7947 | Bailey   | Offered knowledge of Sandblast by Vehumet.
  7949 | Bailey   | Reached ** piety under Vehumet
  8100 | Bailey   | Reached skill level 8 in Conjurations
  8234 | Bailey   | Noticed an orc knight
  8235 | Bailey   | Noticed an orc knight
  8261 | Bailey   | Killed an orc knight
  8261 | Bailey   | Reached skill level 9 in Fire Magic
  8344 | Bailey   | Noticed an orc knight
  8358 | Bailey   | Killed an orc knight
  8595 | Bailey   | Noticed an orc knight
  8610 | Bailey   | Killed an orc knight
  8610 | Bailey   | Reached skill level 9 in Conjurations
  8610 | Bailey   | Killed an orc knight
  8610 | Bailey   | Offered knowledge of Throw Frost by Vehumet.
  8643 | Bailey   | Noticed an orc knight
  8668 | Bailey   | Killed an orc knight
  8668 | Bailey   | Reached skill level 10 in Fire Magic
  8902 | D:8      | Found Voxoem Biplo's Distillery.
  8920 | D:8      | Bought a potion of flight for 42 gold pieces
  8920 | D:8      | Bought a potion of berserk rage for 70 gold pieces
  8920 | D:8      | Bought a potion of cancellation for 112 gold pieces
  8920 | D:8      | Bought a potion of heal wounds for 70 gold pieces
  9032 | D:8      | Reached XP level 11. HP: 88/88 MP: 21/23
  9139 | D:8      | Found a shattered altar of Ashenzari.
  9191 | D:8      | Reached *** piety under Vehumet
  9409 | D:9      | Noticed Prince Ribbit
  9443 | D:9      | Killed Prince Ribbit
  9798 | D:9      | Found a runed gate.
  9802 | D:9      | Reached skill level 10 in Conjurations
  9807 | D:9      | Noticed conein's ghost (novice FoEE)
  9808 | D:9      | Noticed a ten-headed hydra
  9811 | D:9      | Found a runed gate.
  9811 | D:9      | Found a runed gate.
  9873 | D:9      | Offered knowledge of Iskenderun's Mystic Blast by Vehumet.
 10034 | D:9      | Found a staircase to the Lair.
 10037 | D:9      | Got a transparent spear
 10325 | D:9      | Found Nuwnuon's Demolitions Depot.
 10490 | D:10     | Entered Level 10 of the Dungeon
 10597 | D:10     | Reached **** piety under Vehumet
 11234 | D:10     | Offered knowledge of Iskenderun's Battlesphere by Vehumet.
 12065 | D:5      | Killed B1inky's ghost
 12065 | D:5      | Reached skill level 9 in Spellcasting
 12287 | D:5      | Killed Galewind's ghost
 12287 | D:5      | Reached skill level 11 in Fire Magic
 12307 | D:5      | Killed tilp's ghost
 12419 | D:4      | Bought a scroll of enchant armour for 75 gold pieces
 12419 | D:4      | Bought a scroll of enchant weapon for 75 gold pieces
 12621 | D:11     | Identified the +7 spear of the Wasp {freeze, +Fly rPois Str-4 Int+6} (You found it on level 9 of the Dungeon)
 12852 | D:11     | Noticed a two-headed ogre
 12866 | D:11     | Killed a two-headed ogre
 12964 | D:11     | Noticed an oklob plant
 13010 | D:11     | Killed an oklob plant
 13010 | D:11     | Reached skill level 11 in Conjurations
 13010 | D:11     | Reached XP level 12. HP: 74/96 MP: 14/25
 13260 | D:11     | Found a staircase to the Orcish Mines.
 13572 | D:11     | Reached ***** piety under Vehumet
 13700 | D:11     | Identified Nedo's Volume of Nature
 13756 | D:11     | Learned a level 4 spell: Force Lance
 13849 | Lair:1   | Entered Level 1 of the Lair of Beasts
 13915 | Lair:1   | Offered knowledge of Throw Icicle by Vehumet.
 14041 | Lair:1   | Noticed a four-headed hydra
 14869 | Lair:1   | Killed a four-headed hydra
 15232 | Lair:2   | Noticed an eight-headed hydra
 15240 | Lair:2   | Killed an eight-headed hydra
 15240 | Lair:2   | Reached skill level 10 in Spellcasting
 15240 | Lair:2   | Reached skill level 12 in Fire Magic
 16324 | Lair:2   | Learned a level 3 spell: Regeneration
 16334 | Lair:2   | Reached skill level 12 in Conjurations
 16705 | Lair:2   | Noticed a five-headed hydra
 16713 | Lair:2   | Killed a five-headed hydra
 16713 | Lair:2   | Reached skill level 1 in Hexes
 16713 | Lair:2   | Reached skill level 1 in Charms
 16713 | Lair:2   | Reached skill level 1 in Necromancy
 16713 | Lair:2   | Reached skill level 1 in Translocations
 16954 | Lair:2   | Reached XP level 13. HP: 51/102 MP: 9/27
 17316 | Lair:2   | Reached skill level 2 in Hexes
 17316 | Lair:2   | Reached skill level 2 in Translocations
 17326 | Lair:2   | Reached skill level 2 in Necromancy
 17390 | Lair:2   | Reached skill level 2 in Charms
 17404 | Lair:2   | Offered knowledge of Orb of Destruction by Vehumet.
 17725 | Lair:2   | Learned a level 2 spell: Blink
 18325 | D:5      | Killed biddum's ghost
 18328 | D:5      | Killed Gergoth's ghost
 18539 | Lair:3   | Found a runed door.
 18542 | Lair:3   | Noticed Kufareon's ghost (journeyman OpFi)
 18744 | Lair:3   | HP: 3/102 [naga/dire flail (3)]
 18748 | Lair:3   | Found a staircase to the Snake Pit.
 18750 | Lair:3   | HP: 4/102 [naga/splash of poison (1)]
 18754 | Lair:3   | Slain by a wolf

Vault maps used:
D:1:      lightli_arrival_boilingwater
D:2:      nicolae_ashenzari_panopticon, uniq_jessica
D:3:      grunt_temple_overflow_diamond, first_ration, tgw_sif
D:4:      vehumet_statue, minmay_temple_entry_hall, serial_shops, shop,
          uniq_duvessa, uniq_blork_the_orc, uniq_pikel
D:5:      kennysheep_slug_shrine, gammafunk_ghost_cemetery,
          nemelex_diamond_rough_becter
D:6:      kennysheep_doodads
D:7:      grunt_livestock
D:8:      overflow_temple_1_default, enter_bailey_8, serial_shops, shop_statue
D:9:      due_lair_maze_entry_diamond, gammafunk_ghost_hydra_chop,
          nicolae_blasting_shop, uniq_prince_ribbit1
D:10:     centaur_isle
D:11:     david_orc_3, introduction_to_nature_2
Temple:   eino_temple_scatter_basement
Lair:2:   wad_woods_minihive, beast_lair_carwin_5, grunt_megastairs_5,
          infiniplex_staircase_pool
Lair:3:   minmay_lair_venomous_thicket, minmay_shoals_entry_centaurs,
          minmay_snake_entry_guardpost_large, hellmonk_ghost_happy_afterlife,
          minivault_24, minmay_lair_oklob_chamber
Bailey:   bailey_polearm_5, bailey

Skill      XL: |  1  2  3  4  5  6  7  8  9 10 11 12 13 |
---------------+----------------------------------------+-----
Conjurations   | 1 2 3 4 5 7 9 11 12 | 12.6
Fire Magic     | 3 4 5 6 8 10 11 12 | 12.8
Spellcasting   | 3 4 5 6 7 8 9 10 | 10.2
Hexes          | 1 2 |  2.8
Charms         | 1 2 |  2.6
Necromancy     | 1 2 |  2.7
Translocations | 1 2 |  2.8
Dodging        | |  1.7
Stealth        | |  1.4

Action                   |  1- 3 |  4- 6 |  7- 9 | 10-12 | 13-15 || total
-------------------------+-------+-------+-------+-------+-------++-------
Melee: Unarmed           |     7 |       |       |       |       ||     7
       Spear             |    49 |    23 |   179 |   345 |    47 ||   643
       Dagger            |       |    76 |       |       |       ||    76
       Rapier            |       |       |     9 |    17 |       ||    26
 Cast: Flame Tongue      |    55 |    51 |    41 |   222 |    38 ||   407
       Sticky Flame      |       |     1 |    10 |    81 |    30 ||   122
       Conjure Flame     |       |       |     7 |    32 |     7 ||    46
       Inner Flame       |       |       |     5 |     8 |     1 ||    14
       Fireball          |       |       |       |    30 |    13 ||    43
       Blink             |       |       |       |       |     9 ||     9
       Regeneration      |       |       |       |       |     7 ||     7
 Abil: Evoke Flight      |       |       |       |     3 |       ||     3
Evoke: Wand              |       |       |       |     7 |     4 ||    11
       Fan of gales      |       |       |       |       |     1 ||     1
  Use: Scroll            |       |     2 |     4 |     8 |     5 ||    19
       Potion            |       |       |       |     2 |     5 ||     7
 Stab: Sleeping          |     3 |     2 |     7 |     8 |       ||    20
  Eat: Chunk             |     1 |    10 |    23 |    37 |     9 ||    80
Armor: Robe              |    26 |    30 |    43 |    99 |     8 ||   206
       Skin              |       |       |       |       |    83 ||    83
Dodge: Dodged            |    47 |    73 |   110 |   209 |    53 ||   492

Table legend:
 A = Spawn XP
 B = Non-spawn XP
 C = Spawn XP percentage of total XP
 D = Spawn monster count
 E = Non-spawn monster count
 F = Spawn count percentage of total count
 G = Total turns spent on level
                    A         B        C        D         E        F      G
               +---------+---------+-------+---------+---------+-------+---------
         Total |       0 |   42785 |   0.0 |       0 |     442 |   0.0 | 18754
               +---------+---------+-------+---------+---------+-------+---------
           D:1 |       0 |      45 |   0.0 |       0 |      29 |   0.0 |   950
           D:2 |       0 |     124 |   0.0 |       0 |      22 |   0.0 |  1246
           D:3 |       0 |     275 |   0.0 |       0 |      22 |   0.0 |  1302
           D:4 |       0 |    1158 |   0.0 |       0 |      13 |   0.0 |  1198
           D:5 |       0 |    2479 |   0.0 |       0 |      30 |   0.0 |  1263
           D:6 |       0 |     749 |   0.0 |       0 |      21 |   0.0 |   961
           D:7 |       0 |    2010 |   0.0 |       0 |      28 |   0.0 |  1428
           D:8 |       0 |     690 |   0.0 |       0 |      23 |   0.0 |   723
           D:9 |       0 |    2751 |   0.0 |       0 |      35 |   0.0 |  1590
          D:10 |       0 |    2584 |   0.0 |       0 |      32 |   0.0 |  1177
          D:11 |       0 |    3617 |   0.0 |       0 |      35 |   0.0 |  1183
        Lair:1 |       0 |    4348 |   0.0 |       0 |      14 |   0.0 |  1849
        Lair:2 |       0 |   14161 |   0.0 |       0 |      87 |   0.0 |  2549
        Lair:3 |       0 |    3650 |   0.0 |       0 |      11 |   0.0 |   297
        Bailey |       0 |    4144 |   0.0 |       0 |      40 |   0.0 |   902
               +---------+---------+-------+---------+---------+-------+---------
